Map: Romanticide LE

Players

Future - Winner!

  • Race: Terran Terran
  • Spawn Location: 11:00

Nina

  • Race: Protoss Protoss
  • League: Grandmaster
  • Spawn Location: 5:00

Event: DreamHack SC2 Masters 2020 Winter

VOD

Have the link to the VOD?

Description

Time

  • Played on: Oct. 31, 2020, 3:36 p.m.
  • Length: 8:31

All games in this series

Show
View Real Time Build Order
Export as new Build Order

Future Terran - Winner!

Build Orders:  

Get SALT Encoding   

  12  0:00  SCV  
  13  0:12  SCV  
  14  0:17  Supply Depot  
  14  0:24  SCV  
  15  0:39  SCV  
  15  0:40  Barracks  
  16  0:43  Refinery  
  16  0:51  SCV  
  17  1:03  SCV  
  18  1:15  SCV  
  19  1:28  Orbital Command, Reaper  
  20  1:49  Refinery  
  20  1:53  Supply Depot  
  20  1:55  SCV  
  20  2:00  Marine  
  22  2:03  Bunker  
  22  2:05  Factory  
  22  2:07  SCV  
  23  2:19  SCV  
  23  2:21  Marine  
  25  2:31  SCV  
  26  2:39  Marine  
  26  2:43  SCV  
  27  2:44  Supply Depot  
  27  2:51  Supply Depot  
  27  2:55  SCV  
  27  2:58  Marine  
  29  3:08  SCV  
  29  3:12  Command Center  
  29  3:20  SCV  
  30  3:28  Barracks Reactor  
  30  3:31  Starport, Factory Tech Lab  
  30  3:33  SCV  
  31  3:36  Supply Depot  
  31  3:46  SCV  
  32  3:58  SCV  
  32  4:00  Factory Tech Lab  
  33  4:05  Marine  
  33  4:06  Marine  
  33  4:08  Barracks  
  35  4:10  SCV  
  35  4:13  Raven  
  38  4:20  Siege Tank  
  38  4:22  SCV  
  38  4:23  Marine x2, Orbital Command  
  44  4:32  Supply Depot  
  44  4:34  SCV  
  45  4:38  Barracks  
  45  4:44  Marine  
  46  4:48  SCV  
  46  4:49  Orbital Command  
  47  4:53  Siege Tank  
  50  5:02  Marine  
  51  5:08  SCV, Engineering Bay  
  51  5:13  Marine x2  
  51  5:14  Stimpack  
  54  5:15  SCV  
  54  5:19  Starport Reactor  
  54  5:20  SCV  
  56  5:24  Supply Depot  
  56  5:27  SCV  
  57  5:33  SCV, Bunker  
  57  5:35  Terran Infantry Weapons Level 1  
  58  5:37  Marine x3  
  58  5:39  Combat Shield, Marine  
  58  5:40  SCV  
  63  5:45  SCV  
  63  5:47  Supply Depot  
  63  5:49  Factory Tech Lab  
  64  5:52  SCV, Refinery  
  66  5:57  SCV, Marine  
  66  5:58  Marine  
  66  5:59  Supply Depot  
  66  6:04  Marauder  
  70  6:05  Marauder  
  70  6:09  Siege Tank  
  75  6:11  SCV x2  
  77  6:19  Marine x2  
  77  6:23  Supply Depot, Medivac, SCV x2  
  77  6:25  Medivac  
  85  6:30  Supply Depot  
  85  6:33  Marine  
  85  6:34  Marine  
  85  6:36  Marine  
  85  6:37  Marine  
  89  6:41  Siege Tank  
  92  6:47  Supply Depot  
  92  6:51  Marine x2  
  94  6:54  Marine x2  
  94  6:56  Supply Depot, Medivac  
  98  7:09  Marine x2  
  98  7:10  Medivac  
  98  7:12  Marine x2  
  104  7:27  Marine x2  
  106  7:30  Marine x2  
  108  7:45  Marauder x2  
  108  7:48  Marine x2  
  114  8:06  Marine x3  
  114  8:07  Marauder  
Show
View Real Time Build Order
Export as new Build Order

Nina Protoss 

Build Orders: Chargelot Immortal 

Get SALT Encoding   

  12  0:00  Probe  
  13  0:12  Probe  
  14  0:17  Pylon  
  14  0:24  Probe (Chrono Boost)  
  15  0:36  Gateway  
  15  0:38  Probe (Chrono Boost)  
  16  0:44  Assimilator  
  16  0:46  Probe (Chrono Boost)  
  17  0:56  Probe  
  18  0:58  Pylon  
  18  1:08  Probe  
  19  1:16  Gateway  
  19  1:24  Cybernetics Core, Probe  
  20  1:31  Zealot  
  22  1:36  Probe  
  23  1:48  Probe  
  24  2:00  Stalker (Chrono Boost)  
  24  2:07  Warp Gate  
  28  2:10  Probe  
  28  2:12  Adept (Chrono Boost)  
  29  2:16  Pylon  
  29  2:36  Nexus  
  29  2:42  Probe  
  30  2:54  Probe  
  30  2:55  Stalker  
  31  3:00  Robotics Facility  
  31  3:03  Assimilator  
  31  3:06  Probe  
  32  3:18  Stalker, Probe  
  35  3:25  Pylon  
  35  3:33  Gateway  
  35  3:35  Gateway  
  35  3:39  Probe  
  36  3:49  Observer (Chrono Boost)  
  36  3:51  Probe x2  
  36  3:55  Shield Battery  
  39  4:02  Stalker  
  41  4:03  Probe  
  41  4:04  Probe  
  43  4:12  Immortal (Chrono Boost)  
  43  4:16  Probe  
  48  4:23  Stalker  
  50  4:30  Stalker  
  53  4:35  Shield Battery  
  52  4:43  Probe  
  53  4:48  Observer (Chrono Boost)  
  53  4:52  Pylon  
  54  4:53  Probe  
  54  4:55  Probe  
  54  4:57  Sentry  
  58  5:01  Pylon  
  58  5:03  Zealot  
  58  5:04  Assimilator  
  58  5:05  Probe  
  61  5:10  Probe  
  61  5:11  Gateway  
  62  5:19  Probe  
  63  5:22  Shield Battery, Probe  
  63  5:24  Observer  
  63  5:26  Immortal (Chrono Boost)  
  64  5:31  Probe  
  64  5:34  Probe  
  64  5:35  Twilight Council  
  70  5:38  Pylon  
  70  5:54  Pylon  
  70  5:56  Pylon, Probe  
  70  5:57  Probe  
  72  5:59  Zealot  
  74  6:05  Charge (Chrono Boost)  
  74  6:06  Immortal  
  78  6:12  Pylon, Probe x2  
  78  6:17  Pylon  
  80  6:28  Zealot x3  
  80  6:29  Sentry  
  80  6:32  Probe  
  90  6:46  Nexus  
  89  6:55  Templar Archives  
  89  6:59  Gateway  
  89  7:00  Assimilator  
  89  7:01  Gateway, Observer  
  89  7:07  Gateway  
  89  7:14  Zealot x2  
  91  7:17  Zealot  
  91  7:21  Zealot  
  99  7:30  Immortal  
  99  7:40  Zealot  
  99  7:41  Zealot x2  
  105  7:44  Zealot  
  105  7:48  Pylon  
  107  7:52  Pylon  
  103  7:59  Zealot  
  103  8:03  Zealot x3  
  103  8:05  High Templar x2  
  113  8:10  Archon  
  89  8:13  Zealot  
  89  8:19  Zealot  
  63  8:23  Zealot x3  
Tags
 
Add a new tag
Caveats
  • Supply blocks, unpowered buildings, or Contaminate may cause inaccurate times.
  • Supply counts are checked every 10 seconds.